 Dungeon Crawl Stone Soup version 0.27-a0-1278-g6cbc8dfb29 (webtiles) character file.

Game seed: 9769799097700422620

284 ZappyNine the Magician (level 6, -7/35 HPs)
             Began as a Deep Elf Fire Elementalist on June 12, 2021.
             Was an Initiate of Sif Muna.
             Mangled by an orc warrior (15 damage)
             ... on level 4 of the Dungeon.
             The game lasted 00:04:31 (3487 turns).

ZappyNine the Magician (Deep Elf Fire Elementalist) Turns: 3487, Time: 00:04:31

Health: -7/35      AC:  2    Str:  5    XL:     6   Next: 7%
Magic:  6/15       EV: 12    Int: 22    God:    Sif Muna [......]
Gold:   102        SH:  0    Dex: 15    Spells: 14/15 levels left

rFire    . . .     SeeInvis .   b - +0 dagger
rCold    . . .     Faith    .   (no shield)
rNeg     . . .     Spirit   .   a - +0 robe
rPois    .         Reflect  .   (no helmet)
rElec    .         Harm     .   l - scarf {repulsion}
rCorr    .         Rampage  .   (no gloves)
Will     +....                  (no boots)
Stlth    ++........             (no amulet)
HPRegen  0.11/turn              e - ring of willpower
MPRegen  0.14/turn              (no ring)

@: repel missiles
A: no striking features
a: Renounce Religion


You were on level 4 of the Dungeon.
You worshipped Sif Muna.
Sif Muna was noncommittal.
You visited 1 branch of the dungeon, and saw 4 of its levels.

You collected 102 gold pieces.

Inventory:

Hand Weapons
 b - a +0 dagger (weapon)
Armour
 a - a +0 robe (worn)
 l - a scarf of repulsion (worn)
Jewellery
 e - a ring of willpower (left hand)
 n - an amulet of the acrobat
Scrolls
 f - 2 scrolls of torment {unknown}
 i - a scroll of enchant weapon {unknown}
 k - 2 scrolls of identify {unknown}
 p - 2 scrolls of teleportation {unknown}
Potions
 c - 2 potions of invisibility {unknown}
 d - a potion of might {unknown}
 g - 2 potions of flight {unknown}
 h - a potion of brilliance {unknown}
 j - a potion of resistance {unknown}
 m - a potion of berserk rage {unknown}
 o - a potion of curing {unknown}
 q - a potion of lignification {unknown}


   Skills:
 + Level 2.2 Fighting
 - Level 2.4 Dodging
 - Level 2.4 Stealth
 * Level 5.0 Spellcasting
 + Level 3.3 Conjurations
 + Level 4.6 Fire Magic
 + Level 0.1 Invocations


You had 14 spell levels left.
You knew the following spells:

 Your Spells              Type           Power      Damage    Failure   Level
a - Foxfire               Conj/Fire      92%        2x1d8     1%          1

Your spell library contained the following spells:

 Spells                   Type           Power      Damage    Failure   Level
 Magic Dart               Conj           80%        1d7       2%          1
 Conjure Flame            Conj/Fire      23%        6-21      6%          3
 Inner Flame              Hex/Fire       15%        N/A       12%         3
 Blink                    Tloc           N/A        N/A       16%         2
 Call Imp                 Summ           5%         N/A       16%         2
 Slow                     Hex            5%         N/A       16%         2
 Mephitic Cloud           Conj/Pois/Air  10%        N/A       19%         3
 Sticky Flame             Conj/Fire      23%        2d4       19%         4
 Vampiric Draining        Necr           2%         2d6       30%         3
 Fireball                 Conj/Fire      11%        3d7       47%         5
 Animate Armour           Summ/Erth      10%        N/A       69%         4
 Agony                    Necr           5%         N/A       95%         5
 Lee's Rapid Deconstruct  Erth           2%         3d6*      95%         5


Dungeon Overview and Level Annotations

Branches:
Dungeon (4/15)
 Temple: D:4-7

Altars:
Okawaru
Sif Muna
Uskayaw
Yredelemnul


Message History

Unknown command.
Unknown command.
You conjure some foxfire!
The foxfire hits the orc but does no damage. x2
The orc warrior hits you from afar with a +0 trident!
The foxfire hits the orc but does no damage.
Unknown command.
Unknown command.
Unknown command.
The foxfire hits the orc.
The orc is heavily wounded.
The foxfire hits the orc.
The orc is almost dead.
Unknown command.
You conjure some foxfire!
Unknown command.
Unknown command.
You conjure some foxfire!
The foxfire hits the orc warrior.
The orc warrior is lightly wounded.
Unknown command.
Unknown command.
You conjure some foxfire!
The foxfire hits the orc warrior but does no damage.
The orc warrior is lightly wounded.
The foxfire hits the orc warrior but does no damage.
The orc warrior is lightly wounded.
The orc warrior closely misses you.
The foxfire hits the orc.
You kill the orc!
Sif Muna accepts your kill.
Unknown command.
You conjure some foxfire!
The foxfire hits the orc warrior but does no damage.
The orc warrior is lightly wounded.
The foxfire hits the orc warrior but does no damage.
The orc warrior is lightly wounded.
The orc priest mumbles some strange prayers to Beogh against you.
Beogh smites you!
* * * LOW HITPOINT WARNING * * *
The orc warrior hits you from afar with a +0 trident!
You die...

#.#######.#
#..........
########.........#
..........########
#########.# #.#
##.##### #oo)§§.#
#>.#.@#.#
..o.###vv.# ..o..
o.#†# #####
..#...# #.. .....
### ...### #.## .#


You could see an orc warrior, an orc priest and an orc (ally target).

Vanquished Creatures
  Sigmund (D:3)
  A hound zombie (D:3)
  6 adders
  A dart slug (D:1)
  6 orcs
  4 endoplasms
  2 giant cockroaches
  7 hobgoblins
  5 kobolds
  5 quokkas
  4 ball pythons
  A ball python zombie (D:3)
  4 bats
  3 goblins
  5 rats
55 creatures vanquished.

Vanquished Creatures (others)
  264 foxfires
264 creatures vanquished.

Grand Total: 319 creatures vanquished

Notes
Turn   | Place    | Note
-------+----------+-------------------------------------------
     0 | D:1      | ZappyNine the Deep Elf Fire Elementalist began the quest
                  | for the Orb.
     0 | D:1      | Reached XP level 1. HP: 10/10 MP: 6/6
   321 | D:1      | Reached XP level 2. HP: 15/16 MP: 8/8
   415 | D:1      | Identified the Compendium of Earth and Evil Rituals
  1272 | D:2      | Reached XP level 3. HP: 18/20 MP: 5/10
  1401 | D:2      | Found a faded altar of an unknown god.
  1449 | D:2      | Reached skill level 1 in Fighting
  1948 | D:3      | Found a shimmering blue altar of Sif Muna.
  1949 | D:3      | Found a hide-covered altar of Uskayaw.
  1950 | D:3      | Found an iron altar of Okawaru.
  1959 | D:3      | Became a worshipper of Sif Muna the Loreminder
  2217 | D:3      | Reached XP level 4. HP: 25/25 MP: 4/11
  2369 | D:3      | Noticed Sigmund
  2395 | D:3      | Killed Sigmund
  2396 | D:3      | Reached skill level 4 in Spellcasting
  2396 | D:3      | Reached XP level 5. HP: 23/30 MP: 5/14
  2848 | D:3      | Reached XP level 6. HP: 29/35 MP: 9/15
  2911 | D:3      | Found a basalt altar of Yredelemnul.
  3396 | D:4      | Reached skill level 5 in Spellcasting
  3477 | D:4      | Noticed an orc warrior
  3487 | D:4      | Mangled by an orc warrior

Illustrated notes

Levels and vault maps discovered:
D:1:      minmay_arrival_four_houses, layout_basic
D:2:      layout_rooms, shapermc_ecumenical_altar_mp_vishouse
D:3:      layout_basic, lemuel_zombie_altar_yredelemnul,
          chequers_temple_overflow_statue_of_worship, moated_statue,
          minmay_misc_feat_more_columns, uniq_sigmund
D:4:      layout_loops_ring, tgw_xom, portal_sewer_entry_b, st_stairs_3

Skill      XL: |  1  2  3  4  5  6 |
---------------+-------------------+-----
Fighting       | 1 2 |  2.2
Conjurations   | 2 3 |  3.3
Fire Magic     | 4 |  4.6
Spellcasting   | 4 5 |  5.0
Dodging        | |  2.4
Stealth        | |  2.4
Invocations    | |  0.1

Action                   |  1- 3 |  4- 6 || total
-------------------------+-------+-------++-------
Melee: Dagger            |    35 |    12 ||    47
 Cast: Foxfire           |    96 |    65 ||   161
 Stab: Sleeping          |     1 |     1 ||     2
Armor: Robe              |    17 |     2 ||    19
Dodge: Dodged            |    35 |    11 ||    46

Table legend: (Time is in decaauts)
 A = Elapsed time spent in this place.
 B = Non-inter-level travel time spent in this place.
 C = Inter-level travel time spent in this place.
 D = Time resting spent in this place.
 E = Time spent auto-exploring this place.
 F = Levels seen in this place.
 G = Mean time per level.
                   A        B        C        D        E       F      G
               +--------+--------+--------+--------+--------+-----+--------+
         Total |   3485 |   3453 |     32 |    116 |   2871 |   4 |  871.2 |
       Dungeon |   3485 |   3453 |     32 |    116 |   2871 |   4 |  871.2 |
               +--------+--------+--------+--------+--------+-----+--------+

Top non-repeatable levels by time:
     D:3: 1457 daAuts
     D:1: 1084 daAuts
     D:2: 833 daAuts
     D:4: 109 daAuts
